[Event "*** MasterClass Titled Tuesday Blitz"]
[Site "Chess.com"]
[Date "2017.08.01"]
[Round "9"]
[White "dzhumagaliev"]
[Black "1lec"]
[Result "1-0"]
[WhiteElo "2506"]
[BlackElo "2066"]
[TimeControl "180+2"]
[EndTime "15:02:05 PDT"]
[Termination "dzhumagaliev won by resignation"]

1. a4 e5 2. a5 d5 3. h4 Nf6 4. h5 Nc6 5. c3 Bg4 6. Qb3 Rb8 7. h6 gxh6 8. Nf3 Bg7 9. d3 h5 10. Bg5 O-O 11. Nbd2 Qd6 12. e3 Rfe8 13. Nh2 Qc5 14. Qa4 Rbd8 15. Bxf6 Bxf6 16. Nxg4 hxg4 17. Qxg4+ Kf8 18.
Rxh7 Ke7 19. Qh5 Rf8 20. g4 Qd6 21. g5 Bh8 22. g6 Qf6 23. a6 b6 24. Bh3 Bg7 25.
Qf5 fxg6 26. Rxg7+ 1-0

[Event "*** MasterClass Titled Tuesday Blitz"]
[Site "Chess.com"]
[Date "2017.08.01"]
[Round "9"]
[White "kleinebeer98"]
[Black "HaryKane"]
[Result "0-1"]
[WhiteElo "2427"]
[BlackElo "2301"]
[TimeControl "180+2"]
[EndTime "15:02:06 PDT"]
[Termination "HaryKane won by resignation"]

1. e4 e5 2. Qh5 Nc6 3. Bc4 g6 4. Qf3 Nf6 5. Ne2 Bg7 6. Nbc3 d6 7. h3 Be6 8. d3 Bxc4 9. dxc4 Nb4 10. Kd1 O-O 11. a3 Na6 12. Bg5 Nc5 13. Nd5 Ncxe4 14. Bxf6 Nxf6 15. Nec3 c6 16. Nxf6+ Qxf6 17. Qxf6 Bxf6 18.
Ke2 Rad8 19. Rad1 Be7 20. g4 f5 21. f3 Rf7 22. Rd3 Rdf8 23. b3 e4 24. fxe4 fxg4 25.
hxg4 Rf2+ 26. Kd1 Rg2 27. Ne2 Rxg4 28. c5 dxc5 29. Rd7 Rxe4 30. Rxb7 Rd8+ 31. Ke1 Bh4+ 32. Kf1 Rd1+ 33. Kg2 Rxe2+ 34. Kf3 Rf2+ 35. Kg4 Rxh1 36.
b4 Rg1+ 37. Kh3 0-1

[Event "*** MasterClass Titled Tuesday Blitz"]
[Site "Chess.com"]
[Date "2017.08.01"]
[Round "9"]
[White "Bad4life"]
[Black "stepanosinovsky"]
[Result "0-1"]
[WhiteElo "2169"]
[BlackElo "2287"]
[TimeControl "180+2"]
[EndTime "15:02:38 PDT"]
[Termination "stepanosinovsky won by resignation"]

1. e4 e5 2. Nf3 Nc6 3. Bc4 Nf6 4. d3 Be7 5. O-O d5 6. exd5 Nxd5 7. Re1 Bg4 8. h3 Bh5 9. a4 O-O 10. g4 Bg6 11. Nxe5 Nxe5 12. Rxe5 Nb6 13. Bb3 Kh8 14. Nc3 f5 15. a5 Nd7 16. Rd5 c6 17. Rd4 Bc5 18. Be3 Bxd4 19. Bxd4 Qh4 20. Kg2 Nf6 21. Be6 Rae8 22. Bc5 Rxe6 23. Bxf8 fxg4 24. hxg4 Nxg4 25.
Qf3 Rf6 26. Be7 Qh2+ 27. Kf1 0-1

[Event "*** MasterClass Titled Tuesday Blitz"]
[Site "Chess.com"]
[Date "2017.08.01"]
[Round "9"]
[White "Big_Fishy"]
[Black "CookiesAndIceCream"]
[Result "1-0"]
[WhiteElo "2224"]
[BlackElo "2058"]
[TimeControl "180+2"]
[EndTime "15:02:46 PDT"]
[Termination "Big_Fishy won by resignation"]

1. d4 e6 2. Nc3 b6 3. e4 Bb7 4.
Be3 Bb4 5. f3 d5 6. e5 Ne7 7.
Qd2 O-O 8. a3 Bxc3 9. bxc3 Nd7 10. f4 c5 11. Nf3 a5 12. a4 Ba6 13. Bxa6 Rxa6 14. O-O Qc7 15. Rab1 Rc8 16. Rb2 Nc6 17. f5 cxd4 18. cxd4 exf5 19. Nh4 g6 20. Bg5 Nf8 21. Bf6 Ne6 22. c3 f4 23. g3 fxg3 24. hxg3 Nb8 25. Rf3 Nd7 26. Qh6 Qc4 27. Rh2 Ndf8 28. Nf5 gxf5 29. Rxf5 Qd3 30. Rg5+ Ng6 31. Qxh7+ Kf8 32.
Qh8+ 1-0

[Event "*** MasterClass Titled Tuesday Blitz"]
[Site "Chess.com"]
[Date "2017.08.01"]
[Round "9"]
[White "swayamsm"]
[Black "Malev212"]
[Result "0-1"]
[WhiteElo "2439"]
[BlackElo "2502"]
[TimeControl "180+2"]
[EndTime "15:02:51 PDT"]
[Termination "Malev212 won by checkmate"]

1. d4 d6 2. Nf3 Nd7 3. Bf4 g6 4. e3 Bg7 5. h4 e5 6. dxe5 dxe5 7. Bg3 Nh6 8. e4 O-O 9. h5 g5 10. Bc4 Qe7 11. Qd2 g4 12. Nh4 Nc5 13. Nc3 c6 14. O-O-O b5 15. Bb3 b4 16. Ne2 Nxe4 17. Qe3 Nxg3 18.
Nxg3 Kh8 19. Kb1 f5 20. Qd2 e4 21. Ne2 Qf6 22. c3 Ba6 23. Qc2 Bd3 24. Rxd3 exd3 25. Qxd3 Rad8 26. Qc2 bxc3 27. Nxc3 Rb8 28. g3 a5 29. Rd1 Rfe8 30. Ng2 Nf7 31. Nf4 Ng5 32. Rc1 Ne4 33. Nxe4 Rxe4 34. Qxc6 Qxb2# 0-1

[Event "*** MasterClass Titled Tuesday Blitz"]
[Site "Chess.com"]
[Date "2017.08.01"]
[Round "9"]
[White "Blitzking4444"]
[Black "HouseOfDurin"]
[Result "1-0"]
[WhiteElo "2153"]
[BlackElo "1892"]
[TimeControl "180+2"]
[EndTime "15:02:58 PDT"]
[Termination "Blitzking4444 won by resignation"]

1. e4 c5 2. Nf3 Nc6 3. Bb5 g6 4. Bxc6 bxc6 5. O-O Bg7 6. Re1 e5 7. c3 Ne7 8. d4 cxd4 9. cxd4 exd4 10. Nxd4 O-O 11.
Nc3 h6 12. Bf4 d5 13. exd5 cxd5 14. Be5 f6 15. Bg3 Re8 16. Ndb5 Rf8 17. Bd6 Rf7 18. Bxe7 Rxe7 19. Rxe7 Qxe7 20. Qxd5+ Be6 21. Qxa8+ Kh7 22.
Re1 Qd7 23. Qxa7 Qd2 24. Qe3 1-0

[Event "*** MasterClass Titled Tuesday Blitz"]
[Site "Chess.com"]
[Date "2017.08.01"]
[Round "9"]
[White "Chess64Surfer"]
[Black "GMKrikor"]
[Result "0-1"]
[WhiteElo "2043"]
[BlackElo "2489"]
[TimeControl "180+2"]
[EndTime "15:03:05 PDT"]
[Termination "GMKrikor won on time"]

1. d4 Nf6 2. Nf3 d5 3. Bf4 c5 4. e3 Nc6 5. c3 e6 6. Bd3 Nh5 7.
Bg3 Qb6 8. Qb3 c4 9. Qxb6 axb6 10. Bc2 b5 11. Nbd2 Nxg3 12. hxg3 h6 13. e4 b4 14.
exd5 exd5 15. O-O Be6 16. Rfe1 Be7 17. Ne5 Nxe5 18. Rxe5 O-O 19. f4 Bf6 20. Ree1 bxc3 21. bxc3 Ra3 22. Nb1 Rxc3 23. Nxc3 Bxd4+ 24. Re3 Bxe3+ 25. Kf1 d4 26. Nb5 d3 27. Bd1 Bd7 28. Nd6 c3 29.
Nc4 Bd4 30. Rc1 c2 31. Bf3 Rc8 32. Ne5 Bxe5 33. fxe5 d2 0-1

[Event "*** MasterClass Titled Tuesday Blitz"]
[Site "Chess.com"]
[Date "2017.08.01"]
[Round "9"]
[White "stefanodinn"]
[Black "Al_Shima"]
[Result "0-1"]
[WhiteElo "2169"]
[BlackElo "2360"]
[TimeControl "180+2"]
[EndTime "15:03:06 PDT"]
[Termination "Al_Shima won by resignation"]

1. e4 d5 2. exd5 Nf6 3. Bb5+ Bd7 4. Be2 Nxd5 5. d4 Bf5 6. Nf3 e6 7. O-O Be7 8. c4 Nb4 9. Na3 O-O 10. Qb3 N8c6 11.
Be3 a5 12. Rfd1 a4 13. Qc3 Bf6 14. Ne5 Qe7 15. Bf3 Rfd8 16. h3 h6 17. g4 Bh7 18.
Bg2 Ra5 19. f4 g5 20. Nxc6 bxc6 21. c5 Rb8 22. Rf1 Ra7 23. f5 exf5 24. gxf5 Nd5 25. Bxd5 cxd5 26. Rf2 Re8 27. Bd2 c6 28. Re1 Qd8 29. Rxe8+ Qxe8 30. Nc2 Qe4 31. Ne3 Bxd4 0-1

[Event "*** MasterClass Titled Tuesday Blitz"]
[Site "Chess.com"]
[Date "2017.08.01"]
[Round "9"]
[White "michaelq2d5"]
[Black "josiwales"]
[Result "1-0"]
[WhiteElo "2597"]
[BlackElo "2297"]
[TimeControl "180+2"]
[EndTime "15:03:08 PDT"]
[Termination "michaelq2d5 won by resignation"]

1. d4 d5 2. c4 c6 3. Nc3 Nf6 4. e3 a6 5. Nf3 b5 6. b3 Bg4 7. Be2 e6 8. h3 Bh5 9. g4 Bg6 10.
Ne5 b4 11. Na4 Nbd7 12. Nxg6 hxg6 13. Bf3 Bd6 14. Bg2 Rc8 15. Bb2 Qe7 16. Qe2 a5 17. c5 Bc7 18. Qa6 O-O 19. Qxc6 e5 20. Qb5 exd4 21. Bxd4 Be5 22. O-O Ne4 23. Rad1 f5 24. c6 Ndf6 25. Bxe5 Qxe5 26. f4 Qe7 27. g5 Nd6 28.
Qc5 Nfe4 29. Bxe4 Qxe4 30. Qxd6 Qxe3+ 31. Rf2 Qxh3 32. Qxd5+ Rf7 33. Qf3 1-0

[Event "*** MasterClass Titled Tuesday Blitz"]
[Site "Chess.com"]
[Date "2017.08.01"]
[Round "9"]
[White "matej2221"]
[Black "Bryakin_Mikhail"]
[Result "0-1"]
[WhiteElo "2254"]
[BlackElo "2502"]
[TimeControl "180+2"]
[EndTime "15:03:24 PDT"]
[Termination "Bryakin_Mikhail won by resignation"]

1. e4 c5 2. Nf3 Nc6 3. Bb5 g6 4.
Bxc6 dxc6 5. O-O Bg7 6. h3 Nh6 7. d3 f6 8. Nc3 O-O 9. Be3 b6 10. Qd2 Nf7 11. a4 a5 12. Ne2 e5 13. Nh2 Nd6 14.
b3 f5 15. f3 f4 16. Bf2 g5 17.
c3 Be6 18. Rab1 Qc7 19. d4 c4 20. dxe5 Bxe5 21. Ng4 Bxg4 22. hxg4 cxb3 23. Rxb3 Nc4 24. Qd3 Qf7 25. Bxb6 Nd2 26. Qxd2 Qxb3 27. Bd4 Rfd8 28. Qc1 Bxd4+ 29. Nxd4 Qxa4 30. Nf5 Qc4 31. Rd1 a4 32.
Rd6 Rxd6 33. Nxd6 Qd3 34. Nf5 a3 35. Qa1 a2 36. c4 Qb1+ 0-1

[Event "*** MasterClass Titled Tuesday Blitz"]
[Site "Chess.com"]
[Date "2017.08.01"]
[Round "9"]
[White "Rbrrt"]
[Black "GrigorGrigorov"]
[Result "0-1"]
[WhiteElo "2330"]
[BlackElo "2610"]
[TimeControl "180+2"]
[EndTime "15:03:43 PDT"]
[Termination "GrigorGrigorov won by resignation"]

1. e4 c5 2. Nf3 d6 3. d4 cxd4 4. Nxd4 Nf6 5. Nc3 a6 6. h3 e5 7.
Nde2 h5 8. Bg5 Be6 9. Bxf6 Qxf6 10. Nd5 Qd8 11. c4 Nc6 12. Qd3 g6 13. g3 h4 14.
g4 Bh6 15. Bg2 O-O 16. O-O Rc8 17. a3 Kg7 18. b4 Bg5 19. f4 exf4 20. c5 Ne5 21.
Qd4 f6 22. Nexf4 Bf7 23. Rab1 Re8 24. a4 a5 25. cxd6 Rc4 26. Qa7 axb4 27. Nc7 Rxc7 28. dxc7 Qxc7 29. Rxb4 Bxf4 30. Rxf4 Nc6 31. Qxb7 Qxf4 32.
Qxc6 Qe3+ 33. Kh1 Qe1+ 34. Kh2 0-1

[Event "*** MasterClass Titled Tuesday Blitz"]
[Site "Chess.com"]
[Date "2017.08.01"]
[Round "9"]
[White "Rumpel-VK"]
[Black "Witik"]
[Result "0-1"]
[WhiteElo "2476"]
[BlackElo "2591"]
[TimeControl "180+2"]
[EndTime "15:03:50 PDT"]
[Termination "Witik won on time"]

1. d4 Nf6 2. c4 e6 3. Nf3 d5 4. Nc3 dxc4 5. e3 a6 6. a4 c5 7. Bxc4 Nc6 8. O-O cxd4 9. exd4 Nb4 10. Bg5 Be7 11. Re1 O-O 12. Qe2 b6 13. Rad1 Ra7 14. Ne5 Rc7 15. Bf4 Nbd5 16. Nxd5 Nxd5 17. Bxd5 Qxd5 18. Nxf7 Bb7 19. Qg4 Rcc8 20. Nh6+ Kh8 21. Be5 Bf6 22. Bxf6 Rxf6 23. Re5 Qc6 24. d5 Qc5 25.
Rf1 Bxd5 26. b4 Qxf2+ 0-1

[Event "*** MasterClass Titled Tuesday Blitz"]
[Site "Chess.com"]
[Date "2017.08.01"]
[Round "9"]
[White "livestrong04"]
[Black "jeaston1"]
[Result "1-0"]
[WhiteElo "2357"]
[BlackElo "2203"]
[TimeControl "180+2"]
[EndTime "15:03:51 PDT"]
[Termination "livestrong04 won by resignation"]

1. e4 c6 2. c4 d5 3. cxd5 cxd5 4. exd5 Nf6 5. Qa4+ Bd7 6. Qb3 Na6 7. Nc3 Nc5 8.
Qd1 a6 9. a4 Bg4 10. f3 Bf5 11. d4 Ncd7 12. Nge2 Nb6 13. Ng3 Bg6 14. h4 h5 15. Qb3 Rb8 16. Bf4 Rc8 17. d6 exd6 18.
a5 Nbd7 19. Qxb7 Be7 20. Bxa6 Rb8 21. Qc6 O-O 22. O-O Rxb2 23. Rfe1 Nb8 24. Qc4 d5 25. Qf1 Bb4 26. Rec1 Nc6 27. Bd3 Bxc3 28. Rxc3 Nxd4 29. Bxg6 fxg6 30. a6 Qb6 31. Be3 Re8 32. a7 Kh7 33.
Qd1 Rxe3 34. Rxe3 Nc2 35. Nf1 Nxe3 36. Nxe3 Qxe3+ 37. Kh1 Qf2 38. Qg1 Qxh4+ 39. Qh2 Qxh2+ 40. Kxh2 1-0

[Event "*** MasterClass Titled Tuesday Blitz"]
[Site "Chess.com"]
[Date "2017.08.01"]
[Round "9"]
[White "attack2mateU"]
[Black "Sharafiev_Azat"]
[Result "0-1"]
[WhiteElo "2483"]
[BlackElo "2361"]
[TimeControl "180+2"]
[EndTime "15:03:57 PDT"]
[Termination "Sharafiev_Azat won by resignation"]

1. e4 c5 2. Nf3 d6 3. d4 cxd4 4. Nxd4 Nf6 5. Nc3 a6 6. h3 e5 7. Nde2 b5 8. Bg5 Bb7 9. Bxf6 Qxf6 10. Nd5 Qd8 11. Nec3 Nd7 12. a4 bxa4 13. Rxa4 Nc5 14. Rc4 Be7 15. b4 Ne6 16. Be2 O-O 17. O-O Bg5 18. g3 Rc8 19. f4 exf4 20. gxf4 Bxf4 21. Nxf4 Nxf4 22. Rxf4 Qg5+ 23. Rg4 Qe3+ 24. Kf1 Qxh3+ 25. Rg2 Rxc4 26. Bxc4 Qxc3 27. Qd3 Qxb4 28. c3 Qc5 29. Rf2 Qe5 30. Bxa6 Bxa6 31. Qxa6 Qxe4 32. Qxd6 Qh1+ 33.
Ke2 Re8+ 34. Kd3 Qe4+ 35. Kd2 Qe1+ 0-1

[Event "*** MasterClass Titled Tuesday Blitz"]
[Site "Chess.com"]
[Date "2017.08.01"]
[Round "9"]
[White "Cocovitsch007"]
[Black "El-Ajedrecista"]
[Result "0-1"]
[WhiteElo "2186"]
[BlackElo "1838"]
[TimeControl "180+2"]
[EndTime "15:04:09 PDT"]
[Termination "El-Ajedrecista won by checkmate"]

1. d4 Nf6 2. c4 g6 3. Nc3 d5 4. cxd5 Nxd5 5. e4 Nxc3 6. bxc3 Bg7 7. Bc4 c5 8. Ne2 O-O 9. Be3 cxd4 10. cxd4 Nc6 11.
Rc1 Qa5+ 12. Kf1 Bd7 13. h4 h5 14. Nf4 e6 15. e5 Rad8 16. Rh3 Ne7 17. g4 hxg4 18.
Qxg4 Bb5 19. Kg1 Bxc4 20. Rxc4 Qxa2 21. Rc7 Qb1+ 22. Kh2 Nd5 23. Nxg6 Qxg6 24. Qf3 Nxc7 25. Rg3 Qf5 26. Qg2 Qh7 27. h5 Kh8 28. h6 Rg8 29.
Qxb7 Bxh6 30. Rh3 Rg6 31. Qxc7 Rdg8 32. Qc6 Qg7 33. Bxh6 Rxh6 34. Rxh6+ Qxh6# 0-1

[Event "*** MasterClass Titled Tuesday Blitz"]
[Site "Chess.com"]
[Date "2017.08.01"]
[Round "9"]
[White "pedromartinez91"]
[Black "evgenysharapov"]
[Result "0-1"]
[WhiteElo "2333"]
[BlackElo "2275"]
[TimeControl "180+2"]
[EndTime "15:04:12 PDT"]
[Termination "evgenysharapov won on time"]

1. Nf3 c5 2. c4 Nc6 3. g3 e5 4.
d3 g6 5. Bg2 Bg7 6. O-O d6 7.
Nc3 Nge7 8. Ne1 Be6 9. Nc2 d5 10.
cxd5 Nxd5 11. Nxd5 Bxd5 12. Ne3 Bxg2 13. Kxg2 O-O 14.
Nc4 Qd5+ 15. f3 Nd4 16. a4 b6 17. e4 Qc6 18. Be3 Rad8 19. Bxd4 exd4 20. Qb3 Rb8 21.
Qb5 Qb7 22. a5 f5 23. axb6 fxe4 24. fxe4 axb6 25. Rxf8+ Rxf8 26. Rf1 Rb8 27. h4 Qc7 28. h5 gxh5 29. Rf5 h4 30. gxh4 Kh8 31. Rg5 Bh6 32.
Rg3 Qf4 33. Qd7 Rf8 34. Qg4 Qf1+ 35. Kh2 Rf2+ 36. Rg2 Bf4+ 37. Kh3 Qh1+ 0-1

[Event "*** MasterClass Titled Tuesday Blitz"]
[Site "Chess.com"]
[Date "2017.08.01"]
[Round "9"]
[White "IvaVidenova"]
[Black "Jungle_Jaguar"]
[Result "0-1"]
[WhiteElo "2417"]
[BlackElo "2348"]
[TimeControl "180+2"]
[EndTime "15:04:14 PDT"]
[Termination "Jungle_Jaguar won by resignation"]

1. e4 c5 2. Nf3 Nc6 3. d4 cxd4 4. Nxd4 Qc7 5. Nc3 e6 6. Be3 a6 7. Be2 Nf6 8. O-O Bb4 9. Na4 O-O 10. Nxc6 bxc6 11. Nb6 Rb8 12. Nxc8 Rfxc8 13. f4 Nxe4 14. f5 Bd6 15. Rf3 Bxh2+ 16. Kf1 Ng3+ 17. Kf2 Nxf5 18. g4 Nxe3 19. Rxe3 Qb6 20. Kf3 d5 21. Bd3 e5 22.
Bxh7+ Kf8 23. Bf5 Bf4 24. Rb3 e4+ 25. Kg2 Qc7 26. Qh1 Rxb3 27. axb3 Re8 28. Rxa6 g6 29.
Bxg6 Be5 30. Bf5 e3 31. Qh6+ Bg7 32. Qh1 Qf4 33. Qf1 Qxf1+ 34. Kxf1 e2+ 35. Ke1 Bf6 36. Ra1 Bxb2 0-1

[Event "*** MasterClass Titled Tuesday Blitz"]
[Site "Chess.com"]
[Date "2017.08.01"]
[Round "9"]
[White "prochn"]
[Black "DrHolmes13"]
[Result "0-1"]
[WhiteElo "2283"]
[BlackElo "2414"]
[TimeControl "180+2"]
[EndTime "15:04:16 PDT"]
[Termination "DrHolmes13 won on time"]

1. d4 Nf6 2. c4 d6 3. Nf3 g6 4.
g3 Bg7 5. Bg2 O-O 6. O-O c6 7. Nc3 Qb6 8. h3 Na6 9. e4 e5 10. c5 dxc5 11. dxe5 Nd7 12. e6 fxe6 13. Re1 Ne5 14. Nxe5 Bxe5 15. f4 Bd4+ 16. Kh2 Rd8 17.
Qg4 Nb4 18. e5 Nc2 19. Bd2 Nxa1 20. Ne4 Rf8 21. Rxa1 Qxb2 22. Rf1 Bd7 23. Bc1 Qxa2 24. Qh4 Rf7 25. Ng5 Rg7 26. Kh1 Qe2 27. Ne4 Kh8 28. Nf6 Rf8 29. Qg5 a5 30. h4 b5 31.
Ng4 a4 32. f5 gxf5 33. Qh6 Qxg4 34. Bg5 Qxg3 35. Rd1 Qg4 36. Rf1 Bxe5 37. Re1 Qg3 38. Rxe5 Qxe5 39. h5 a3 40. Be7 Rff7 0-1

[Event "*** MasterClass Titled Tuesday Blitz"]
[Site "Chess.com"]
[Date "2017.08.01"]
[Round "9"]
[White "axlbvRR"]
[Black "Caisachess"]
[Result "1-0"]
[WhiteElo "1977"]
[BlackElo "2224"]
[TimeControl "180+2"]
[EndTime "15:04:25 PDT"]
[Termination "axlbvRR won by resignation"]

1. d4 Nf6 2. Nf3 e6 3. Bf4 c5 4. c3 Qb6 5. Qb3 d5 6. e3 c4 7. Qc2 Bd6 8. Bg3 Ne4 9. Bxd6 Qxd6 10. b3 b5 11. a4 O-O 12. axb5 cxb3 13. Qxb3 Nd7 14.
Bd3 e5 15. dxe5 Nxe5 16. Nxe5 Qxe5 17. O-O Be6 18. Bxe4 dxe4 19. Qb4 f5 20. Na3 f4 21. exf4 Qxf4 22. Rae1 Bd5 23. Re3 Rae8 24. c4 Bb7 25. c5 Bd5 26. Nc2 Rf6 27. Qd4 Bf7 28.
Rg3 h5 29. Ne3 h4 30. Rg4 Qh6 31. b6 axb6 32. cxb6 Rxb6 33. Nf5 Qf6 34. Qxf6 Rxf6 35. Nxg7 Rg6 36. Rxg6 Bxg6 37. Nxe8 Bxe8 38. Re1 Bg6 39. f3 exf3 40. gxf3 Kf7 41. Kf2 Kf6 42. f4 Bh5 43. Ke3 Kf5 44. Rg1 Bg4 45. Rg2 Bd1 46.
Rg5+ Kf6 47. Ke4 Bc2+ 48. Kd4 Bb1 49. Rg4 h3 50. Ke3 Kf5 51. Rh4 1-0

[Event "*** MasterClass Titled Tuesday Blitz"]
[Site "Chess.com"]
[Date "2017.08.01"]
[Round "9"]
[White "Sebastian"]
[Black "Fisher-Human"]
[Result "0-1"]
[WhiteElo "2784"]
[BlackElo "2502"]
[TimeControl "180+2"]
[EndTime "15:04:26 PDT"]
[Termination "Fisher-Human won on time"]

1. e4 e5 2. Nf3 d6 3. d4 Nd7 4.
Bc4 c6 5. O-O Be7 6. dxe5 dxe5 7. Ng5 Bxg5 8. Qh5 g6 9. Qxg5 Qxg5 10. Bxg5 Ngf6 11. f3 O-O 12. Rd1 Kg7 13. a4 Nc5 14.
Be3 Ne6 15. Nd2 Rd8 16. Bf1 Nd4 17. Nc4 Be6 18. Rac1 Bxc4 19. Bxc4 b5 20. Bxd4 Rxd4 21. Rxd4 exd4 22. axb5 cxb5 23. Bxb5 Rb8 24. Bd3 Rxb2 25. Ra1 Nd7 26. Rxa7 Nc5 27. e5 Kf8 28. h4 h5 29.
Kh2 Nxd3 30. cxd3 Rb3 31. Kg3 Rxd3 32. Kf4 Rd2 33. g3 d3 34. Kg5 Rf2 35. f4 d2 36.
Kf6 Ke8 37. Ra8+ Kd7 38. Ra1 Ke8 39. Ra8+ Kd7 40. Ra1 Ke8 41. e6 fxe6 42. Kxe6 Re2+ 43. Kf6 Re1 44. Ra8+ Kd7 45. Ra7+ Kc6 46. Ra6+ Kd5 47. Ra8 Re6+ 0-1

[Event "*** MasterClass Titled Tuesday Blitz"]
[Site "Chess.com"]
[Date "2017.08.01"]
[Round "9"]
[White "guilty93"]
[Black "politeplayer"]
[Result "1-0"]
[WhiteElo "2374"]
[BlackElo "2204"]
[TimeControl "180+2"]
[EndTime "15:04:28 PDT"]
[Termination "guilty93 won by resignation"]

1. d4 Nf6 2. c4 e6 3. Nf3 c5 4. d5 exd5 5. cxd5 d6 6. Nc3 g6 7. e4 Bg7 8. h3 O-O 9. Bd3 b5 10.
Nxb5 Nxe4 11. Bxe4 Re8 12. Ng5 Bf5 13. O-O Bxe4 14.
Re1 Bc2 15. Rxe8+ Qxe8 16. Nxd6 Qd7 17. Qxc2 Qxd6 18. Qc4 Nd7 19. Bf4 Qf6 20. Re1 Nb6 21. Qe4 Rd8 22. d6 Qxb2 23. Nxf7 Rf8 24. Nh6+ Kh8 25. Ng4 Nd7 26. Qe7 Rxf4 27. Qxd7 Rf8 28. Re8 Qa1+ 29. Kh2 h5 30. Qe7 Rxe8 31. Qxe8+ Kh7 32.
d7 hxg4 33. d8=Q Be5+ 34. g3 Bxg3+ 35. fxg3 Qxa2+ 36. Kg1 Qb1+ 37. Kf2 Qc2+ 38. Qe2 Qf5+ 39. Kg2 gxh3+ 40. Kh2 a6 41. Qh4+ Qh5 42. Qexh5+ 1-0

[Event "*** MasterClass Titled Tuesday Blitz"]
[Site "Chess.com"]
[Date "2017.08.01"]
[Round "9"]
[White "Me_ch_an"]
[Black "toad"]
[Result "0-1"]
[WhiteElo "2363"]
[BlackElo "2143"]
[TimeControl "180+2"]
[EndTime "15:04:29 PDT"]
[Termination "toad won by checkmate"]

1. e4 c5 2. Nf3 d6 3. d4 cxd4 4.
Qxd4 Nc6 5. Bb5 Bd7 6. Bxc6 Bxc6 7. Nc3 e6 8. Bg5 Nf6 9. O-O-O h6 10. Bxf6 Qxf6 11. Qxf6 gxf6 12. Rhe1 O-O-O 13. Nd4 Rg8 14. g3 Bg7 15. Ndb5 Bf8 16. Nxa7+ Kc7 17. Nab5+ Kb6 18. a4 Rg5 19. h4 Rc5 20. Rd4 f5 21. e5 d5 22. Kd2 h5 23. Ra1 Ra8 24. b4 Rc4 25.
a5+ Ka6 26. Nc7+ Ka7 27. Rxc4 dxc4 28. Nxa8 Kxa8 29. b5 Bf3 30. a6 Bc5 31. Na4 Bd4 32. c3 Bxe5 33. Nb6+ Ka7 34. Nxc4 Bf6 35. b6+ Ka8 36. a7 Bd8 37. Ra5 Bc6 38. Rc5 Be7 39. Ra5 Bd8 40. Ke3 Be7 41. Kf4 f6 42. Ra1 Bd5 43. Ne3 Bd6# 0-1

[Event "*** MasterClass Titled Tuesday Blitz"]
[Site "Chess.com"]
[Date "2017.08.01"]
[Round "9"]
[White "nihalsarin"]
[Black "MartinMatthiesen"]
[Result "1-0"]
[WhiteElo "2598"]
[BlackElo "2222"]
[TimeControl "180+2"]
[EndTime "15:04:46 PDT"]
[Termination "nihalsarin won by resignation"]

1. b3 e5 2. Bb2 Nc6 3. e3 Nf6 4. h3 d5 5. Bb5 Bd6 6. Nf3 Qe7 7. c4 O-O 8. cxd5 Nxd5 9. Nc3 Nxc3 10. Bxc3 Bd7 11.
Bc4 Be6 12. Qe2 e4 13. Nd4 Bxc4 14. Nxc6 Bxe2 15. Nxe7+ Bxe7 16. Kxe2 f5 17. Be5 Bf6 18. Bxf6 Rxf6 19. Rac1 c6 20. Rhd1 Rd8 21. d3 exd3+ 22.
Rxd3 Rxd3 23. Kxd3 Rd6+ 24. Ke2 Kf7 25. Rc5 Ke6 26.
g4 g6 27. gxf5+ gxf5 28. Rc4 Kf6 29. Ra4 a6 30. Rb4 b5 31. Rh4 Kg6 32. Rf4 c5 33. a4 Rd7 34. h4 Rd6 35. Rf3 bxa4 36. bxa4 Rb6 37. Rf4 a5 38. Rc4 Rb4 39. Rxc5 Rxa4 40. h5+ Kg5 41. h6 Ra3 42. e4 Kxh6 43. Rxf5 Kg6 44. Rb5 a4 45. f4 h5 46. Rb6+ Kf7 47.
Rh6 Rh3 48. e5 a3 49. e6+ Ke7 50. f5 a2 51. Rh7+ Kd6 52. Rd7+ Kc6 53. Ra7 Rh1 54.
e7 Kb6 55. Rxa2 1-0

[Event "*** MasterClass Titled Tuesday Blitz"]
[Site "Chess.com"]
[Date "2017.08.01"]
[Round "9"]
[White "Bengalas"]
[Black "Giraffe_Chess"]
[Result "1-0"]
[WhiteElo "2469"]
[BlackElo "2215"]
[TimeControl "180+2"]
[EndTime "15:04:46 PDT"]
[Termination "Bengalas won by resignation"]

1. d4 Nf6 2. c4 e6 3. Nc3 Bb4 4. Qc2 b6 5. Nf3 Bb7 6. g3 O-O 7. Bg2 c5 8. dxc5 bxc5 9. O-O d5 10. cxd5 exd5 11. a3 Ba5 12. Rd1 Nbd7 13. e3 Qe7 14. b3 Rac8 15. Bb2 d4 16. exd4 cxd4 17. Nxd4 Bxg2 18. Kxg2 Bxc3 19. Bxc3 Nd5 20. Ne2 N7b6 21. Qd3 Rfd8 22. Qf3 Nxc3 23. Nxc3 Rxd1 24. Nxd1 h6 25. b4 Rc2 26. Ne3 Rb2 27. Rc1 Rd2 28. Qc6 Rd6 29. Qa8+ Kh7 30. Qf3 Kg8 31. Nf5 Qd7 32.
Nxd6 Qxd6 33. Rd1 Qe6 34. Rd8+ Kh7 35. Qd3+ g6 36. Rd6 Qe7 37. Rd4 Qb7+ 38. Qf3 Qc7 39. Rd3 Nc4 40. Rc3 Qc8 41. Qxf7+ Kh8 42. Rxc4 Qa8+ 43.
Qf3 Qd8 44. Qc3+ Kg8 45. Rc8 1-0

[Event "*** MasterClass Titled Tuesday Blitz"]
[Site "Chess.com"]
[Date "2017.08.01"]
[Round "9"]
[White "pawnwonder"]
[Black "djano"]
[Result "0-1"]
[WhiteElo "1865"]
[BlackElo "2310"]
[TimeControl "180+2"]
[EndTime "15:04:48 PDT"]
[Termination "djano won by checkmate"]

1. e4 e6 2. d4 d5 3. e5 c5 4. c3 Nc6 5. Nf3 cxd4 6. cxd4 Qb6 7. a3 Nge7 8. b4 Nf5 9. Bb2 a5 10. b5 a4 11. Nc3 Ncxd4 12. Nxa4 Nxf3+ 13. gxf3 Qa5+ 14. Nc3 d4 15. Qd2 dxc3 16. Bxc3 Qb6 17. Bh3 Nh4 18. Qd3 Bc5 19. O-O O-O 20. Qe4 Ng6 21.
Bg2 Bd7 22. a4 Rfc8 23. Bb2 Qd8 24. Qxb7 Nf4 25. Bc1 Nxg2 26. Kxg2 Rcb8 27. Qe4 Bxb5 28. Rg1 Bd3 29. Qg4 Bf5 30. Qg3 Bg6 31. h4 h5 32. Kh2 Qd4 33. Be3 Qb4 34. Rab1 Qxa4 35. Rxb8+ Rxb8 36. Bxc5 Rb2 37. Be3 Re2 38. Qg5 Qd7 39.
Ra1 Kh7 40. Rg1 Qd5 41. Qf4 Qd3 42. Rg2 Re1 43. Qg5 Qf1 44. Rg1 Qe2 45. Rg2 Qxf3 46. Qg3 Qd1 47. Rg1 Rxg1 48. Qxg1 Qd5 49. Qg3 Qd1 50.
Qg1 Qe2 51. Qg3 Be4 52. Qg5 Qd1 53. Qg1 Qf3 54. Bb6 Ba8 55. Be3 Qe4 56. Bb6 Qxh4# 0-1

[Event "*** MasterClass Titled Tuesday Blitz"]
[Site "Chess.com"]
[Date "2017.08.01"]
[Round "9"]
[White "ChessNinja48"]
[Black "Muracle"]
[Result "0-1"]
[WhiteElo "2283"]
[BlackElo "2434"]
[TimeControl "180+2"]
[EndTime "15:04:50 PDT"]
[Termination "Muracle won on time"]

1. Nf3 Nf6 2. d4 g6 3. c4 Bg7 4. Nc3 d5 5. Qb3 dxc4 6. Qxc4 O-O 7. e4 Be6 8. d5 Bc8 9. Be2 c6 10. O-O cxd5 11. exd5 Nbd7 12. Rd1 Nb6 13. Qb3 Bf5 14. Nd4 Bg4 15. f3 Bd7 16. a4 Nh5 17. a5 Nc8 18. f4 Nd6 19. Be3 Nf6 20. h3 Nh5 21. Bxh5 gxh5 22. Qc2 Rc8 23. Qe2 h4 24. Qh5 Nc4 25.
Bf2 Nxb2 26. Ne4 Nxd1 27. Rxd1 Qxa5 28. Nf5 Bxf5 29. Qxf5 h6 30. Bxh4 Qa3 31. d6 exd6 32. Nf6+ Bxf6 33. Bxf6 Qg3 34. Bd4 Qg6 35. Qd7 Rc2 36.
Bf2 Rc6 37. Qxb7 Rfc8 38. Rd5 Rc2 39. Qxa7 Qe4 40. Rd4 Qf5 0-1